 Dungeon Crawl Stone Soup version 0.28-a0-1241-gf280a0fbb2 (webtiles) character file.

Game seed: 10662210819933991218

56 Gargoyl the Skirmisher (level 3, -12/35 HPs)
             Began as a Gnoll Abyssal Knight on Dec 26, 2021.
             Was a Follower of Lugonu.
             Mangled by an ogre (16 damage)
             ... on level 2 of the Dungeon.
             The game lasted 00:02:34 (2180 turns).

Gargoyl the Skirmisher (Gnoll Abyssal Knight)       Turns: 2180, Time: 00:02:34

Health: -12/35     AC: 20    Str: 14    XL:     3   Next: 97%
Magic:  6/6        EV:  4    Int:  9    God:    Lugonu [*.....]
Gold:   65         SH:  0    Dex: 12    Spells: 4/4 levels left

rFire   . . .      SeeInvis .   e - +2 halberd (protect)
rCold   + . .      Faith    .   (shield currently unavailable)
rNeg    . . .      Spirit   .   f - +0 plate armour
rPois   +          Reflect  .   (no helmet)
rElec   .          Harm     .   (no cloak)
rCorr   .          Rampage  .   l - +0 pair of gloves
Will    .....                   (no boots)
Stlth   ..........              (no amulet)
HPRegen 0.11/turn               g - ring of poison resistance
MPRegen 0.10/turn               k - ring of protection from cold

@: under a protective aura
A: fangs 1, strong nose, distributed training
a: Renounce Religion, Depart the Abyss


You were on level 2 of the Dungeon.
You worshipped Lugonu.
Lugonu was aware of your devotion.
You visited 1 branch of the dungeon, and saw 2 of its levels.
You visited the Abyss 1 time.

You collected 65 gold pieces.

Inventory:

Hand Weapons
 a - a +1 hand axe
 e - a +2 halberd of protection (weapon)
Armour
 f - a +0 plate armour (worn)
 l - a +0 pair of gloves (worn)
Jewellery
 g - a ring of poison resistance (left hand)
 k - a ring of protection from cold (right hand)
Potions
 b - a potion of curing {unknown}
 c - a potion of haste {unknown}
 h - a potion of invisibility {unknown}
 i - a potion of magic {unknown}
 j - a potion of ambrosia {unknown}
Miscellaneous
 d - a piece from Xom's chessboard (15/15)


   Skills:
 + Level 6.5 Fighting
 + Level 1.0 Short Blades
 + Level 1.0 Long Blades
 + Level 4.6 Axes
 + Level 1.0 Maces & Flails
 + Level 1.0 Polearms
 + Level 1.0 Staves
 + Level 1.0 Slings
 + Level 1.0 Bows
 + Level 1.0 Crossbows
 + Level 1.0 Throwing
 + Level 4.6 Armour
 + Level 2.7 Dodging
 + Level 1.0 Stealth
 + Level 1.0 Shields
 + Level 1.0 Unarmed Combat
 + Level 1.0 Spellcasting
 + Level 0.7 Conjurations
 + Level 0.7 Hexes
 + Level 0.7 Summonings
 + Level 0.7 Necromancy
 + Level 0.7 Translocations
 + Level 0.7 Transmutations
 + Level 0.7 Fire Magic
 + Level 0.7 Ice Magic
 + Level 0.7 Air Magic
 + Level 0.7 Earth Magic
 + Level 0.7 Poison Magic
 + Level 4.6 Invocations
 + Level 1.0 Evocations


You had 4 spell levels left.
You didn't know any spells.
Your spell library contained the following spells:

 Spells                   Type           Power      Damage    Failure   Level
 Olgreb's Toxic Radiance  Pois           1%         N/A       100%        4
 Ozocubu's Refrigeration  Ice            0%         4d5       100%        7
 Ignition                 Fire           0%         3d3       100%        8


Dungeon Overview and Level Annotations

Branches:
Dungeon (2/15)

Altars:


Innate Abilities, Weirdness & Mutations

You have very sharp teeth.
Your uncanny sense of smell can sniff out nearby items.
Your experience applies equally to all skills.


Message History

You continue putting on your +0 pair of gloves. x4
You finish putting on your +0 pair of gloves.
You aren't carrying any scrolls.
k - a ring of protection from cold (right hand)
You open the door.
There is an open door here.
You open the door.
There is an open door here.
You open the door.
There is a stone staircase leading up here.
An endoplasm comes into view.
The endoplasm quivers.
An endoplasm is nearby!
An endoplasm is nearby!
An ogre comes into view. It is wielding a +0 giant spiked club.
The ogre shouts!
The endoplasm hits you but does no damage.
You hit the endoplasm.
Your weapon exudes an aura of protection.
The endoplasm is lightly wounded.
The ogre hits you with a +0 giant spiked club!
The endoplasm barely misses you.
You slash the endoplasm!
You kill the endoplasm!
Lugonu accepts your kill.
The ogre hits you with a +0 giant spiked club.
The ogre hits you but does no damage.
Unknown command.
The ogre hits you with a +0 giant spiked club!!
Ouch! That really hurt!
* * * LOW HITPOINT WARNING * * *
Unknown command.
You hit the ogre.
The ogre is lightly wounded.
The ogre barely misses you.
Unknown command.
You slash the ogre!
The ogre is moderately wounded.
The ogre hits you with a +0 giant spiked club!
You die...

#.#.# #.#.# ###
#.#.# ..#
#.#.#********* #.#
#.#.#*,,,,,,,*
#.#####.#.#*,#####,*
#.......#.#*,#...#,#
#########.#*,#.#.#.#
..........#*,#.#@#.#
...#########.#..O..#
...# #.....###
################.#
.................#
##################


You could see an ogre.

Vanquished Creatures
  An adder (D:2)
  A gnoll (D:2)
  2 dart slugs
  A bat (D:2)
  7 endoplasms
  A giant cockroach (D:1)
  4 goblins
  A hobgoblin (D:2)
  A quokka (D:2)
  2 ball pythons (D:1)
  5 frilled lizards
  3 kobolds (D:1)
  4 rats
33 creatures vanquished.

Notes
Turn   | Place    | Note
-------+----------+-------------------------------------------
     0 | Abyss:1  | Gargoyl the Gnoll Abyssal Knight began the quest for the
                  | Orb.
     0 | Abyss:1  | Reached XP level 1. HP: 23/23 MP: 3/3
    81 | Abyss:2  | Found a corrupted altar of Lugonu.
   108 | Abyss:2  | Noticed a ynoxinul
   149 | Abyss:2  | Noticed a small abomination
   150 | Abyss:2  | Noticed a small abomination
   152 | D:1      | Escaped the Abyss
   636 | D:1      | Reached XP level 2. HP: 29/29 MP: 5/5
   638 | D:1      | Reached * piety under Lugonu
  1377 | D:2      | Reached XP level 3. HP: 35/35 MP: 6/6
  1873 | D:2      | Reached skill level 1 in Short Blades
  1873 | D:2      | Reached skill level 1 in Long Blades
  1873 | D:2      | Reached skill level 1 in Maces & Flails
  1873 | D:2      | Reached skill level 1 in Polearms
  1873 | D:2      | Reached skill level 1 in Staves
  1873 | D:2      | Reached skill level 1 in Slings
  1873 | D:2      | Reached skill level 1 in Bows
  1873 | D:2      | Reached skill level 1 in Crossbows
  1873 | D:2      | Reached skill level 1 in Throwing
  1873 | D:2      | Reached skill level 1 in Stealth
  1873 | D:2      | Reached skill level 1 in Shields
  1873 | D:2      | Reached skill level 1 in Unarmed Combat
  1873 | D:2      | Reached skill level 1 in Spellcasting
  1873 | D:2      | Reached skill level 1 in Evocations
  2173 | D:2      | Noticed an ogre
  2180 | D:2      | Mangled by an ogre

Illustrated notes

Levels and vault maps discovered:
D:1:      amcnicky_arrival_double_pillar, layout_basic, serial_corexii_hall,
          corexii_hall_statues_i, corexii_hall_statues_x
D:2:      layout_basic, st_stairs_5, kennysheep_minor_cross

Skill      XL: |  1  2  3 |
---------------+----------+-----
Short Blades   | 1 |  1.0
Long Blades    | 1 |  1.0
Maces & Flails | 1 |  1.0
Polearms       | 1 |  1.0
Staves         | 1 |  1.0
Slings         | 1 |  1.0
Bows           | 1 |  1.0
Crossbows      | 1 |  1.0
Throwing       | 1 |  1.0
Stealth        | 1 |  1.0
Shields        | 1 |  1.0
Unarmed Combat | 1 |  1.0
Spellcasting   | 1 |  1.0
Evocations     | 1 |  1.0
Fighting       | |  6.5
Axes           | |  4.6
Armour         | |  4.6
Dodging        | |  2.7
Conjurations   | |  0.7
Hexes          | |  0.7
Summonings     | |  0.7
Necromancy     | |  0.7
Translocations | |  0.7
Transmutations | |  0.7
Fire Magic     | |  0.7
Ice Magic      | |  0.7
Air Magic      | |  0.7
Earth Magic    | |  0.7
Poison Magic   | |  0.7
Invocations    | |  4.6

Action                   || total
-------------------------++-------
Melee: Halberd           ||    93
       Bite              ||     8
Invok: Depart the Abyss  ||     1
Evoke: Piece from Xom's  ||     1
  Use: Scroll            ||     4
Armor: Leather armour    ||     6
       Plate armour      ||    71
Dodge: Dodged            ||    35

Table legend: (Time is in decaauts)
 A = Elapsed time spent in this place.
 B = Non-inter-level travel time spent in this place.
 C = Inter-level travel time spent in this place.
 D = Time resting spent in this place.
 E = Time spent auto-exploring this place.
 F = Levels seen in this place.
 G = Mean time per level.
                   A        B        C        D        E       F      G
               +--------+--------+--------+--------+--------+-----+--------+
         Total |   2222 |   2222 |      0 |      0 |   1788 |   4 |  555.5 |
       Dungeon |   2069 |   2069 |      0 |      0 |   1713 |   2 | 1034.5 |
         Abyss |    153 |    153 |      0 |      0 |     75 |   2 |   76.5 |
               +--------+--------+--------+--------+--------+-----+--------+

Top non-repeatable levels by time:
     D:2: 1192 daAuts
     D:1: 876 daAuts
 Abyss:2: 100 daAuts
 Abyss:1: 53 daAuts
